 Dungeon Crawl Stone Soup version 0.19.5 (webtiles) character file.

126 Kahsius the Cudgeler (level 4, -15/39 HPs)
             Began as a Minotaur Berserker on Mar 22, 2017.
             Was a Believer of Trog.
             Demolished by a large abomination (20 damage)
             ... on level 2 of the Abyss.
             The game lasted 00:05:41 (2106 turns).

Kahsius the Cudgeler (Minotaur Berserker)           Turns: 2106, Time: 00:05:42

Health: -15/39     AC:  8    Str: 21    XL:     4   Next: 84%
Magic:  3/3        EV:  8    Int:  4    God:    Trog [**....]
Gold:   88         SH:  0    Dex: 11    Spells: 0 memorised, 3 levels left

rFire  . . .     SeeInvis .     a - +0 mace
rCold  . . .     Gourm    .     j - +0 chain mail
rNeg   . . .     Faith    .     (no shield)
rPois  .         Spirit   .     (helmet restricted)
rElec  .         Reflect  .     (no cloak)
rCorr  .         Harm     .     (no gloves)
MR     .....                    (no boots)
Stlth  ..........               (no amulet)
                                (no ring)
                                (no ring)

@: no status effects
A: retaliatory headbutt, horns 2
a: Berserk, Trog's Hand, Burn Spellbooks, Renounce Religion


You were on level 2 of the Abyss.
You worshipped Trog.
Trog was pleased with you.
You were not hungry.

You visited 1 branch of the dungeon, and saw 4 of its levels.
You visited the Abyss 1 time.

You collected 88 gold pieces.

Inventory:

Hand Weapons
 a - a +0 mace (weapon)
Armour
 b - a +0 animal skin
 j - a +0 chain mail (worn)
Jewellery
 k - a cursed -4 ring of intelligence {unknown}
 l - an uncursed ring of protection from magic {unknown}
 n - an uncursed ring of flight {unknown}
Scrolls
 d - a scroll of teleportation {unknown}
 e - 3 scrolls of remove curse {unknown}
 h - 3 scrolls of enchant weapon {unknown}
 m - 6 scrolls of identify {unknown}
 r - 2 scrolls of amnesia {unknown}
 s - a scroll of recharging {unknown}
Potions
 f - 2 potions of lignification {unknown}
 i - 2 potions of brilliance {unknown}
 p - a potion of flight {unknown}
 q - 2 potions of might {unknown}
 u - 2 potions of agility {unknown}
Books
 t - a book of Cantrips

   Spells                             Type                      Level
   a - Confusing Touch                Hexes                        1
   b - Animate Skeleton               Necromancy                   1
   c - Summon Small Mammal            Summoning                    1
   d - Apportation                    Translocation                1
   Trog disapproves of the use of such an item.
Comestibles
 c - 3 bread rations
 g - 2 slices of pizza
 o - 2 meat rations


   Skills:
 - Level 3.6 Fighting
 + Level 6.7 Maces & Flails
 - Level 2.4 Armour
 - Level 2.1 Dodging
 + Level 0.3 Stealth


You had 3 spell levels left.
You didn't know any spells.

Dungeon Overview and Level Annotations

Branches:
Dungeon (4/15)
 Temple: D:4-7

Altars:
Gozag
Xom
The Shining One

Annotations:
D:2 Sigmund
D:4 Edmund


Innate Abilities, Weirdness & Mutations

You reflexively headbutt those who attack you in melee.
You have a pair of horns on your head.


Message History

No target in view!
Found a blowgun.
A large abomination comes into view.
You hit the large abomination but do no damage.
Your headbutt misses the large abomination.
The large abomination hits you!!
Ouch! That really hurt!
* * * LOW HITPOINT WARNING * * *
You are too injured to fight recklessly!
You are too injured to fight recklessly!
You are too injured to fight recklessly!
You are too injured to fight recklessly!
You are too injured to fight recklessly!
You are too injured to fight recklessly!
You are too injured to fight recklessly!
You are too injured to fight recklessly!
You hit the large abomination but do no damage.
The large abomination hits you!!
Ouch! That really hurt!
You die...

... ..≈≈
.####........≈≈≈≈
....#... ..#..≈≈≈≈
.........#......≈≈≈
....#...#...#.....≈
#.#.#..#.#.......
#).....%....... .
#........#.# ..
##.......@X#
.###.........#...#
# ............#.#.#
#............## .#
# .#.............#
.. #..............#
. #.
...................
.. ...............
..#..##..........##


You could see a large abomination.

Vanquished Creatures
  3 adders
  4 oozes
  2 worms
  4 leopard geckos
  4 orcs (D:3)
  A ball python (D:1)
  7 giant cockroaches
  4 hobgoblins
  4 jackals (D:1)
  4 kobolds
  2 quokkas
  9 bats
  5 frilled lizards
  4 goblins
  10 rats
67 creatures vanquished.

Notes
Turn   | Place    | Note
-------+----------+-------------------------------------------
     0 | D:1      | Kahsius the Minotaur Berserker began the quest for the Orb.
     0 | D:1      | Reached XP level 1. HP: 19/19 MP: 0/0
     3 | D:1      | Found a runed door.
   228 | D:1      | Reached skill level 4 in Maces & Flails
   370 | D:1      | Reached XP level 2. HP: 26/26 MP: 1/1
   751 | D:1      | Reached skill level 5 in Maces & Flails
   753 | D:1      | Reached ** piety under Trog
   754 | D:1      | Reached XP level 3. HP: 31/31 MP: 2/2
   984 | D:2      | Reached XP level 4. HP: 39/39 MP: 3/3
  1040 | D:2      | Reached skill level 6 in Maces & Flails
  1265 | D:2      | Noticed Sigmund
  1684 | D:3      | Found a shimmering altar of Xom.
  1687 | D:3      | Found a glowing golden altar of the Shining One.
  1693 | D:3      | Found an opulent altar of Gozag.
  2089 | D:4      | Noticed Edmund
  2095 | D:4      | Cast into level 2 of the Abyss (Edmund)
  2102 | Abyss:2  | Noticed a large abomination
  2106 | Abyss:2  | Demolished by a large abomination

Skill      XL: |  1  2  3  4 |
---------------+-------------+-----
Maces & Flails | 4 5 6 |  6.7
Fighting       | |  3.6
Armour         | |  2.4
Dodging        | |  2.1
Stealth        | |  0.3

Action                   |  1- 3 |  4- 6 || total
-------------------------+-------+-------++-------
Melee: Mace              |    82 |    59 ||   141
       Headbutt          |    11 |    10 ||    21
Invok: Berserk           |     1 |       ||     1
 Stab: Sleeping          |     1 |       ||     1
  Eat: Chunk             |     1 |     4 ||     5
Armor: Chain mail        |    54 |    34 ||    88
Dodge: Dodged            |    43 |    28 ||    71
